 Dungeon Crawl Stone Soup version 0.26.1-2-gb8aa6d0cf2 (webtiles) character file.

Game seed: 10877998753034331369

1159 Gadfly the Unbeliever (level 8, -1/78 HPs)
             Began as an Ogre Monk on Feb 12, 2021.
             Shot with an arrow by a centaur (7 damage)
             ... on level 6 of the Dungeon.
             The game lasted 00:07:34 (8184 turns).

Gadfly the Unbeliever (Ogre Monk)                   Turns: 8184, Time: 00:07:35

Health: -1/78      AC:  4    Str: 24    XL:     8   Next: 39%
Magic:  11/11      EV: 11    Int: 14    God:
Gold:   320        SH:  0    Dex: 15    Spells: 7/7 levels left

rFire    . . .     SeeInvis .   b - +4 short sword "Gam Farafo" {speed, rElec Int+3 Dex+4}
rCold    . . .     Faith    .   (no shield)
rNeg     . . .     Spirit   .   o - +1 robe
rPois    .         Reflect  .   (helmet restricted)
rElec    +         Harm     .   (no cloak)
rCorr    +         Rampage  .   (gloves unavailable)
Will     .....                  (boots unavailable)
Stlth    ++........             (no amulet)
HPRegen  0.23/turn              w - +6 ring of strength
MPRegen  0.12/turn              y - ring of resist corrosion

@: no status effects
A: large, unfitting armour, tough skin 1
a: no special abilities


You were on level 6 of the Dungeon.
You visited 1 branch of the dungeon, and saw 6 of its levels.
You also visited: Ossuary.

You collected 320 gold pieces.

Inventory:

Hand Weapons
 a - a +3 mace
 b - the +4 short sword "Gam Farafo" (weapon) {speed, rElec Int+3 Dex+4}
   (You found it on level 5 of the Dungeon)

   Attacks with this weapon are significantly faster.
   It affects your intelligence (+3).
   It affects your dexterity (+4).
   It insulates you from electricity.
 t - a +0 flail
Missiles
 f - 4 boomerangs (quivered)
 x - 3 large rocks
Armour
 o - a +1 robe (worn)
Jewellery
 w - a +6 ring of strength (left hand)
 y - a ring of resist corrosion (right hand)
Wands
 c - a wand of paralysis (9)
 i - a wand of enslavement (7)
 m - a wand of flame (16)
Scrolls
 e - 2 scrolls of fear
 h - 5 scrolls of teleportation
 j - a scroll of remove curse
 l - a scroll of enchant weapon
 n - a scroll of fog
 p - 2 scrolls of enchant armour
Potions
 d - a potion of curing
 g - 3 potions of attraction
 k - a potion of flight
 q - a potion of haste {unknown}
 r - a potion of resistance
 s - a potion of lignification
 v - a potion of invisibility {unknown}
 z - a potion of mutation {unknown}


   Skills:
 - Level 4.0 Fighting
 + Level 4.0 Maces & Flails
 * Level 4.3 Throwing
 * Level 3.6 Armour
 - Level 2.6 Dodging
 - Level 1.4 Stealth
 * Level 4.7 Invocations
 * Level 3.4 Evocations


You had 7 spell levels left.
You didn't know any spells.
Your spell library was empty.

Dungeon Overview and Level Annotations

Branches:
Dungeon (6/15)            Ossuary (visited)
 Temple: D:4-7

Altars:
The Shining One


Innate Abilities, Weirdness & Mutations

You are too large for most types of armour.
You have tough skin. (AC +1)


Message History

The ogre completely misses you.
You completely miss the ogre.
The ogre is heavily wounded.
The centaur shoots an arrow.
The arrow hits you.
* * * LOW HITPOINT WARNING * * *
Unknown command.
The centaur shoots an arrow.
The arrow hits you.
* * * LOW HITPOINT WARNING * * *
You see here an arrow.
A jackal comes into view.
The jackal barks!
The centaur shoots an arrow.
The arrow hits you.
* * * LOW HITPOINT WARNING * * *
A worker ant comes into view.
You see here an arrow.
A jackal comes into view.
An orc comes into view. It is wielding a +0 short sword.
There is a stone staircase leading up here.
The centaur shoots an arrow.
The arrow hits you!
You die...

##.. .#.. .....
.... ..... ###..#
...... ....
......#####o#####
.........(†.....#
.#.###(###.##....
#.###(###.### #
#....c...@..#
#......O<.<.#
#.....h.......#
###.#...#.#####
#..h.#...#
#..###.#.# ...
#.#.# .B #.#..
##.


You could see an ogre, a centaur, an orc (wandering) and 2 jackals.

Vanquished Creatures
  A phantom (D:5)
  3 ogres
  An elf zombie (Ossuary)
  A scorpion (D:4)
  A bullfrog zombie (D:5)
  A centaur zombie (Ossuary)
  A jelly (D:6)
  4 hounds
  5 iguanas
  An orc wizard (D:4)
  4 ogre zombies (Ossuary)
  7 mummies (Ossuary)
  A howler monkey zombie (D:5)
  A gnoll (D:4)
  3 adders
  An ufetubus (D:6)
  6 adder zombies (Ossuary)
  4 worms
  6 dart slugs
  A leopard gecko (D:3)
  4 orcs (D:4)
  4 bats
  4 giant cockroaches
  7 hobgoblins
  6 jackals (D:1)
  5 kobolds
  2 quokkas (D:4)
  6 frilled lizards
  2 goblins
  3 goblin zombies (Ossuary)
  3 hobgoblin zombies (Ossuary)
  3 kobold zombies (Ossuary)
  A leopard gecko skeleton (D:5)
  A quokka skeleton (D:4)
  7 quokka zombies
  6 rats
  4 rat zombies (Ossuary)
121 creatures vanquished.

Notes
Turn   | Place    | Note
-------+----------+-------------------------------------------
     0 | D:1      | Gadfly the Ogre Monk began the quest for the Orb.
     0 | D:1      | Reached XP level 1. HP: 24/24 MP: 1/1
   227 | D:1      | Reached XP level 2. HP: 30/32 MP: 2/2
   499 | D:1      | Reached skill level 1 in Invocations
   767 | D:1      | Reached skill level 1 in Throwing
   841 | D:1      | Reached XP level 3. HP: 39/39 MP: 3/3
  1162 | D:2      | Reached skill level 1 in Armour
  2038 | D:3      | Found a faded altar of an unknown god.
  2168 | D:3      | Reached XP level 4. HP: 39/48 MP: 5/5
  2308 | D:4      | Reached skill level 1 in Evocations
  2371 | D:4      | Found a sand-covered staircase.
  2396 | Ossuary  | Entered an ossuary
  2909 | Ossuary  | Reached XP level 5. HP: 53/54 MP: 6/6
  3730 | Ossuary  | Reached XP level 6. HP: 49/62 MP: 7/7
  3746 | Ossuary  | HP: 1/62 [mummy (7)]
  4746 | D:4      | Reached XP level 7. HP: 53/70 MP: 9/9
  6991 | D:5      | Entered Level 5 of the Dungeon
  7223 | D:5      | Reached XP level 8. HP: 53/78 MP: 11/11
  7585 | D:5      | Got a glimmering short sword
  7586 | D:5      | Identified the +4 short sword "Gam Farafo" {speed, rElec
                  | Int+3 Dex+4} (You found it on level 5 of the Dungeon)
  7861 | D:5      | Found a glowing golden altar of the Shining One.
  8184 | D:6      | Shot with an arrow by a centaur

Illustrated notes

Levels and vault maps discovered:
D:1:      giann_horns, layout_basic
D:2:      layout_rooms
D:3:      layout_rooms, chequers_ecumenical_altar_simple,
          hangedman_abyss_or_decor_lesser_grid
D:4:      minmay_thinvault, layout_loops_cross, enter_ossuary_4,
          kennysheep_doodads
D:5:      layout_rooms, nicolae_tso_carved_into_rock
D:6:      layout_rooms, serial_park_tiny_pond, wad_floor_pattern_untrapped

Skill      XL: |  1  2  3  4  5  6  7  8 |
---------------+-------------------------+-----
Invocations    | 1 2 3 4 |  4.7
Throwing       | 1 2 3 4 |  4.3
Armour         | 1 2 3 |  3.6
Maces & Flails | 3 4 |  4.0
Evocations     | 1 2 3 |  3.4
Fighting       | |  4.0
Dodging        | |  2.6
Stealth        | |  1.4

Action                   |  1- 3 |  4- 6 |  7- 9 || total
-------------------------+-------+-------+-------++-------
Melee: Mace              |   123 |   222 |       ||   345
       Flail             |       |       |   132 ||   132
       Short sword       |       |       |    39 ||    39
Throw: Stone             |     2 |       |       ||     2
       Boomerang         |       |       |    29 ||    29
  Use: Scroll            |     8 |    10 |     3 ||    21
       Potion            |       |     4 |     3 ||     7
 Stab: Sleeping          |     2 |     6 |     3 ||    11
Armor: Robe              |    34 |    51 |    34 ||   119
Dodge: Dodged            |    78 |   111 |    80 ||   269
